AoeStats
← addonion123

Black Forest

507675264Analyzed
4v4 RM · 13d ago on Sep 19, 2026· 73m 53s· 8 players
Game mode
Random Map
Map size
Large (8 player)
Population
200
Speed
Normal
Resources
Standard
Victory
Conquest
Starting age
Dark Age
Ending age
Imperial Age
RankedLock teamsTeams togetherTeam positionsShared explorationLock speedFull tech treeHidden civsTurbo modeCheats
Victory
Defeat
🇹🇷 Franks · Türkiye
1111
+14
🇺🇸 Bohemians · United States
1110
+15
🇺🇸 Khmer · United States
1091
+15
🇩🇪 Britons · Germany
1089
+15
🇨🇳 Vikings · China
1135
-16
🇭🇰 Mongols · Hong Kong SAR China
1076
-15
🇨🇳 Wu · China
1049
-14
🇰🇷 Spanish · South Korea
1048
-14
SPROP
9:08 Loom
10:53 Feudal Age
15:34 Castle Age
14:22 Double-Bit Axe
14:17 Horse Collar
14:58 Gold Mining
15:53 Fletching
23:45 Heavy Plow
24:10 Bow Saw
24:33 Stone Mining
26:36 Padded Archer Armor
25:58 Crossbowman
27:37 Gold Shaft Mining
27:57 Bodkin Arrow
29:02 Wheelbarrow
28:46 Leather Archer Armor
28:41 Squires
29:14 Pikeman
31:00 Ballistics
32:09 Coinage
32:08 Hand Cart
31:41 Arson
31:40 Elite Skirmisher
32:36 Treadmill Crane
35:37 Imperial Age
33:22 Town Watch
33:38 Murder Holes
35:58 Arbalester
37:30 Ring Archer Armor
37:00 Bracer
40:03 Caravan
42:50 Chemistry
41:56 Siege Engineers
47:43 Two-Man Saw
46:47 Scale Mail Armor
46:58 Forging
46:36 Gambesons
46:11 Man-at-Arms
48:26 Chain Mail Armor
52:22 Plate Mail Armor
52:27 Iron Casting
51:29 Halberdier
54:11 Conscription
54:31 Banking
54:11 Guilds
54:30 Yeomen
54:42 Long Swordsman
55:17 Onager
61:50 Masonry
harris
11:11 Feudal Age
12:00 Double-Bit Axe
14:38 Castle Age
12:55 Double-Bit Axe
13:26 Horse Collar
15:35 Bow Saw
15:30 Heavy Plow
19:54 Wheelbarrow
19:30 Gold Mining
21:19 Gold Shaft Mining
22:07 Hand Cart
23:29 Light Cavalry
24:19 Bloodlines
24:10 Husbandry
25:07 Forging
25:04 Scale Barding Armor
26:37 Iron Casting
28:36 Chain Barding Armor
32:15 Imperial Age
34:02 Chemistry
33:25 Hussar
34:32 Stone Mining
35:58 Stone Shaft Mining
36:34 Plate Barding Armor
37:05 Heavy Scorpion
39:55 Blast Furnace
41:58 Conscription
42:06 Double Crossbow
jetthro
6:39 Loom
13:31 Feudal Age
16:32 Double-Bit Axe
19:18 Castle Age
17:17 Gold Mining
17:28 Stone Mining
18:59 Wheelbarrow
25:06 Bow Saw
30:29 Imperial Age
27:50 Town Watch
29:23 Scale Barding Armor
29:58 Hand Cart
29:46 Town Patrol
30:23 Husbandry
31:10 Cavalier
32:54 Conscription
34:00 Chain Barding Armor
35:20 Gold Shaft Mining
37:01 Plate Barding Armor
39:12 Elite Skirmisher
39:55 Padded Archer Armor
39:46 Fletching
41:36 Bodkin Arrow
41:57 Leather Archer Armor
41:14 Light Cavalry
48:15 Chemistry
47:37 Ballistics
Onager try again
0:27 Loom
15:33 Feudal Age
23:18 Castle Age
22:08 Horse Collar
22:14 Double-Bit Axe
45:09 Imperial Age
44:23 Chemistry
43:29 Caravan
46:07 Treadmill Crane
47:29 Wheelbarrow
46:39 Town Watch
47:33 Pikeman
48:15 Squires
48:00 Arson
48:29 Halberdier
49:12 Scale Mail Armor
49:23 Forging
54:35 Chain Mail Armor
61:03 Bombard Tower
60:23 Houfnice
70:37 Hand Cart
SHK
0:38 Loom
14:30 Feudal Age
20:56 Castle Age
19:32 Double-Bit Axe
19:54 Horse Collar
20:51 Stone Mining
21:36 Gold Mining
23:41 Forging
23:37 Scale Barding Armor
24:10 Bow Saw
24:20 Forging
24:16 Scale Barding Armor
30:14 Iron Casting
31:24 Bloodlines
33:17 Heavy Plow
34:40 Wheelbarrow
40:54 Imperial Age
39:37 Chain Barding Armor
40:13 Fletching
40:24 Padded Archer Armor
42:12 Conscription
43:09 Plate Barding Armor
42:48 Husbandry
42:46 Elite Skirmisher
43:06 Cavalier
45:00 Hand Cart
47:26 Blast Furnace
49:26 Two-Man Saw
49:44 Paladin
53:34 Light Cavalry
56:21 Hussar
58:48 Elite Skirmisher
59:31 Pikeman
69:58 Caravan
72:15 Bodkin Arrow
76561199026418587
10:52 Feudal Age
15:55 Castle Age
14:03 Double-Bit Axe
15:53 Arson
16:34 Horse Collar
17:00 Gold Mining
18:52 Bow Saw
19:51 Squires
22:10 Gold Shaft Mining
21:41 Scale Mail Armor
23:44 Forging
25:11 Iron Casting
25:26 Chain Mail Armor
30:04 Wheelbarrow
37:16 Imperial Age
37:05 Hand Cart
38:39 Plate Mail Armor
40:52 Blast Furnace
40:44 Loom
45:07 Husbandry
45:18 Bloodlines
44:30 Heavy Hei Guang Cavalry
46:08 Scale Barding Armor
47:37 Chain Barding Armor
49:42 Plate Barding Armor
50:07 Caravan
51:54 Conscription
56:04 Fletching
addonion123
10:17 Feudal Age
8:33 Loom
15:38 Castle Age
13:49 Double-Bit Axe
17:38 Horse Collar
19:33 Bow Saw
21:08 Wheelbarrow
23:11 Heavy Plow
23:06 Stone Mining
25:52 Hand Cart
27:10 Scale Barding Armor
31:17 Imperial Age
30:01 Forging
29:57 Scale Barding Armor
30:15 Town Watch
32:10 Iron Casting
31:56 Chain Barding Armor
31:09 Light Cavalry
32:01 Bloodlines
31:56 Hussar
32:37 Husbandry
33:27 Conscription
33:28 Drill
33:16 Town Patrol
33:34 Capped Ram
36:27 Onager
36:28 Siege Ram
37:59 Hoardings
38:36 Blast Furnace
37:27 Fletching
39:17 Chemistry
38:24 Siege Engineers
39:21 Chemistry
38:38 Siege Onager
39:52 Bodkin Arrow
42:21 Caravan
46:51 Bracer
47:14 Masonry
47:25 Ballistics
真红眼黑龙
1:53 Loom
12:25 Feudal Age
18:33 Castle Age
17:47 Horse Collar
17:56 Double-Bit Axe
18:50 Gold Mining
21:50 Bow Saw
27:27 Heavy Plow
27:29 Stone Mining
30:24 Gold Shaft Mining
33:28 Imperial Age
31:25 Forging
31:15 Scale Mail Armor
31:23 Town Watch
32:31 Gambesons
32:46 Squires
32:07 Man-at-Arms
32:44 Pikeman
33:45 Arson
35:16 Chain Mail Armor
35:37 Iron Casting
34:37 Capped Ram
35:29 Caravan
37:33 Two-Man Saw
37:19 Chieftains
38:31 Plate Mail Armor
39:02 Blast Furnace
41:38 Blast Furnace
42:50 Crossbowman
43:25 Fletching
43:35 Padded Archer Armor
44:34 Bodkin Arrow
44:09 Arbalester
45:45 Bracer
46:01 Leather Archer Armor
51:20 Ring Archer Armor
51:20 Long Swordsman
52:00 Two-Handed Swordsman
61:23 Champion
61:35 Elite Skirmisher
71:09 Siege Ram
Connection lost

Rejoining the realm…

Still unreachable

The connection could not be restored.

Session expired

The server has moved on; the page needs a fresh start.